AoeStats
← Strictness

Arena

511009879Analyzed
4v4 RM · 9h ago on Oct 3, 2026· 49m 41s· 8 players
Game mode
Random Map
Map size
Large (8 player)
Population
200
Speed
Normal
Resources
Standard
Victory
Conquest
Starting age
Dark Age
Ending age
Imperial Age
RankedLock teamsTeams togetherTeam positionsShared explorationLock speedFull tech treeHidden civsTurbo modeCheats
Victory
Defeat
🇨🇱 Romans · Chile
1039
+14
🇹🇼 Persians · Taiwan
996
+16
🇦🇺 Varangians · Australia
987
+16
🇦🇺 Italians · Australia
987
+16
🇫🇷 Vietnamese · France
1034
-16
🇳🇱 Varangians · Netherlands
1003
-16
986
-15
🇸🇮 Britons · Slovenia
968
-15
Blyad _Mann
0:30 Loom
12:35 Feudal Age
13:10 Double-Bit Axe
17:41 Castle Age
16:12 Gold Mining
16:16 Stone Mining
16:39 Horse Collar
24:07 Heavy Plow
24:23 Squires
24:39 Gold Mining
24:55 Scale Mail Armor
26:23 Wheelbarrow
25:55 Gambesons
26:25 Forging
27:06 Man-at-Arms
28:06 Long Swordsman
29:45 Hand Cart
29:47 Chain Mail Armor
30:45 Arson
31:38 Iron Casting
31:46 Pikeman
32:37 Scale Barding Armor
35:14 Imperial Age
33:50 Scale Barding Armor
33:47 Husbandry
33:59 Bloodlines
33:11 Light Cavalry
36:40 Chain Barding Armor
38:24 Cavalier
40:47 Blast Furnace
Infinitus
10:26 Feudal Age
14:44 Castle Age
12:49 Double-Bit Axe
12:59 Horse Collar
16:48 Bow Saw
17:30 Heavy Plow
20:31 Wheelbarrow
23:04 Town Watch
25:11 Hand Cart
28:47 Imperial Age
26:05 Loom
26:22 Town Patrol
26:14 Fletching
26:24 Padded Archer Armor
26:38 Gold Mining
26:38 Stone Mining
27:18 Bodkin Arrow
28:08 Leather Archer Armor
28:47 Gold Shaft Mining
30:31 Bracer
31:01 Ring Archer Armor
31:34 Chemistry
30:55 Ballistics
30:46 Masonry
30:16 Treadmill Crane
32:00 Elite Longbowman
33:00 Conscription
33:03 Yeomen
33:22 Hoardings
32:55 Crossbowman
33:53 Arbalester
35:34 Architecture
35:15 Careening
35:04 Murder Holes
35:26 Fortified Wall
36:08 Architecture
41:24 Pikeman
42:05 Squires
41:50 Arson
42:07 Scale Mail Armor
42:29 Forging
42:00 Halberdier
43:54 Chain Mail Armor
48:51 Plate Mail Armor
48:57 Iron Casting
50:09 Two-Man Saw
Strictness
1:55 Loom
10:36 Feudal Age
11:02 Double-Bit Axe
11:08 Horse Collar
17:25 Castle Age
16:07 Padded Archer Armor
16:24 Gold Mining
17:14 Fletching
17:38 Stone Mining
18:44 Crossbowman
20:41 Bow Saw
21:21 Bodkin Arrow
21:41 Leather Archer Armor
23:12 Heavy Plow
23:31 Leather Archer Armor
24:45 Ballistics
24:35 Husbandry
25:58 Wheelbarrow
27:30 Thumb Ring
29:12 Hand Cart
32:42 Imperial Age
32:25 Forging
32:20 Scale Barding Armor
32:38 Town Watch
33:30 Stone Shaft Mining
33:10 Fortified Wall
32:56 Murder Holes
33:11 Masonry
32:37 Elite Skirmisher
34:36 Two-Man Saw
33:40 Arbalester
34:49 Arrowslits
35:07 Bracer
36:09 Crop Rotation
36:05 Bloodlines
36:36 Ring Archer Armor
38:00 Iron Casting
37:46 Chain Barding Armor
38:27 Siege Engineers
38:53 Light Cavalry
40:10 Elite Battle Elephant
41:10 Chatras
41:31 Paper Money
43:02 Plate Barding Armor
43:22 Squires
42:43 Pikeman
43:33 Scale Mail Armor
45:36 Chain Mail Armor
48:02 Halberdier
49:27 Plate Mail Armor
Bristlak z teba narobi pretlak
10:33 Feudal Age
14:46 Castle Age
12:50 Horse Collar
12:58 Double-Bit Axe
13:38 Horse Collar
20:08 Loom
22:47 Wheelbarrow
23:22 Bow Saw
23:44 Fletching
23:57 Heavy Plow
29:22 Imperial Age
27:03 Heavy Plow
27:06 Scale Mail Armor
28:24 Padded Archer Armor
28:37 Andean Sling
29:14 Bodkin Arrow
32:36 Bracer
32:57 Leather Archer Armor
34:16 Forging
34:22 Chain Mail Armor
34:46 Hand Cart
35:59 Thumb Ring
37:01 Chemistry
36:22 Ballistics
37:31 Conscription
38:20 Iron Casting
39:08 Crop Rotation
38:58 Squires
38:43 Arson
40:04 Blast Furnace
39:34 Ring Archer Armor
39:19 Champi Runner
40:04 Elite Kamayuk
41:44 Plate Mail Armor
47:53 Champi Warrior
49:13 Ballistics
49:16 Fabric Shields
auuuustyn
10:57 Feudal Age
14:27 Castle Age
12:22 Double-Bit Axe
12:31 Horse Collar
13:51 Gold Mining
16:08 Heavy Plow
17:23 Loom
18:26 Loom
21:54 Bow Saw
22:39 Wheelbarrow
24:20 Stone Mining
24:57 Hand Cart
27:55 Imperial Age
26:05 Scale Barding Armor
26:11 Forging
26:20 Loom
26:20 Town Watch
27:36 Chain Barding Armor
27:51 Bloodlines
27:42 Husbandry
28:33 Iron Casting
29:12 Chemistry
28:53 Gold Shaft Mining
28:55 Stone Shaft Mining
28:12 Cavalier
30:05 Plate Barding Armor
30:15 Crop Rotation
31:07 Blast Furnace
30:30 Savar
35:56 Light Cavalry
40:56 Heavy Camel Rider
41:08 Hussar
48:43 Conscription
49:42 Caravan
[8Pals] PERROLOKO
11:45 Feudal Age
10:03 Loom
12:39 Double-Bit Axe
16:00 Wheelbarrow
15:38 Horse Collar
19:22 Castle Age
20:25 Hand Cart
21:10 Caravan
23:05 Bow Saw
24:41 Scale Barding Armor
24:47 Forging
29:25 Ballistics
32:37 Ballistas
36:59 Heavy Plow
41:35 Imperial Age
39:41 Masonry
39:36 Scale Mail Armor
43:06 Conscription
43:17 Comitatenses
46:13 Heavy Scorpion
49:13 Chemistry
48:43 Architecture
48:10 Murder Holes
48:29 Fortified Wall
48:58 Elite Centurion
Themot
0:29 Loom
13:37 Feudal Age
17:05 Castle Age
14:56 Horse Collar
18:19 Heavy Plow
20:03 Double-Bit Axe
21:24 Scale Mail Armor
25:45 Gambesons
30:00 Imperial Age
28:19 Bow Saw
29:26 Caravan
32:10 Elite Varangian Guard
33:07 Chain Mail Armor
33:02 Forging
33:43 Squires
33:28 Arson
37:08 Crop Rotation
37:59 Elite Jarl
39:30 Conscription
39:04 Gothikon
41:28 Gold Mining
42:35 Iron Casting
42:01 Gothikon
43:02 Conscription
44:28 Plate Mail Armor
46:44 Wheelbarrow
zonk the cake
11:25 Feudal Age
15:13 Castle Age
21:08 Loom
22:26 Fletching
25:12 Double-Bit Axe
25:10 Horse Collar
26:24 Wheelbarrow
30:56 Imperial Age
28:52 Hand Cart
29:56 Heavy Plow
32:12 Conscription
33:06 Chemistry
39:35 Thumb Ring
38:51 Elite Skirmisher
39:47 Bow Saw
40:40 Conscription
39:49 Elite Skirmisher
43:49 Padded Archer Armor
Connection lost

Rejoining the realm…

Still unreachable

The connection could not be restored.

Session expired

The server has moved on; the page needs a fresh start.